 Dungeon Crawl Stone Soup version 0.30.1 (webtiles) character file.

Game seed: 2376536382800445727

49486 GeoRichter the Stormcaller (level 14, -8/91 HPs)
             Began as a Tengu Air Elementalist on July 6, 2023.
             Was a Priest of Ashenzari.
             Mangled by an orc warlord
             ... wielding a +0 great sword
              (32 damage)
             ... on level 10 of the Dungeon.
             The game lasted 00:37:40 (26056 turns).

GeoRichter the Stormcaller (TeAE)                  Turns: 26056, Time: 00:37:41

Health: -8/91      AC: 14    Str: 10    XL:     14   Next: 51%
Magic:  8/26       EV: 20    Int: 20    God:    Ashenzari [***...]
Gold:   1962       SH:  5    Dex: 14    Spells: 21/28 levels left

rFire   . . .        a - +9 demon whip of the Manifest Altruism {elec, Bglg, Melee} (curse)
rCold   . . .        R - +0 buckler "At What Cost Knowledge?" {Elem, Comp} (curse)
rNeg    . . .        D - +5 steam dragon scales "Thunder Perfect Mind" {Comp, Elem} (curse)
rPois   +            (helmet restricted)
rElec   .            (no cloak)
rCorr   .            (no gloves)
SInv    +            (boots unavailable)
Will    +....        (no amulet)
Stlth   ++           l - ring of the Eye in the Sky {AC+4, Elem, Comp} (curse)
HPRegen 0.35/turn    B - ring of poison resistance
MPRegen 0.20/turn

%: clarity
@: flying quickly and evasively, quick
A: beak, talons 3, nimble flight
a: Renounce Religion, Shatter the Chains


You were on level 10 of the Dungeon.
You worshipped Ashenzari.
Ashenzari was most pleased with you.
You visited 3 branches of the dungeon, and saw 16 of its levels.
You also visited: Sewer, Ossuary and Bailey.

You collected 1962 gold pieces.

Inventory:

Hand Weapons
 a - the cursed +9 demon whip of the Manifest Altruism (weapon) {elec, Bglg, Melee}
   (You took it off Amaemon on level 7 of the Dungeon)

   It has a curse which improves the following skills: Beguiling: Conjurations,
   Hexes and Translocations.
   Melee Combat: Short Blades, Long Blades, Axes, Maces & Flails, Polearms,
   Staves and Unarmed Combat.
Missiles
 k - 7 throwing nets {!f}
Armour
 D - the cursed +5 steam dragon scales "Thunder Perfect Mind" (worn) {Comp, Elem}
   (You found it on level 7 of the Dungeon)

   It has a curse which improves the following skills: Companions: Summonings
   and Necromancy.
   Elements:  Fire Magic, Ice Magic, Air Magic and Earth Magic.
 R - the cursed +0 buckler "At What Cost Knowledge?" (worn) {Elem, Comp}
   (You took it off a spriggan on level 4 of the Lair of Beasts)

   It has a curse which improves the following skills: Elements: Fire Magic, Ice
   Magic, Air Magic and Earth Magic.
   Companions: Summonings and Necromancy.
Magical Staves
 E - a staff of conjuration {!a}
   (You found it on level 7 of the Dungeon)
Jewellery
 h - a ring of ice
   (You found it on level 2 of the Dungeon)
 l - the cursed ring of the Eye in the Sky (left hand) {AC+4, Elem, Comp}
   (You found it on level 2 of the Dungeon)

   [ring of protection]

   AC:        It affects your AC (+4).
   It has a curse which improves the following skills: Elements: Fire Magic, Ice
   Magic, Air Magic and Earth Magic.
   Companions: Summonings and Necromancy.
 B - a ring of poison resistance (right hand)
   (You took it off Psyche on level 8 of the Dungeon)
 G - a ring of fire
   (You found it on level 8 of the Dungeon)
 P - a ring of positive energy
   (You found it on level 1 of the Lair of Beasts)
Wands
 f - a wand of acid (8)
   (You took it off Pikel on level 7 of the Dungeon)
 u - a wand of polymorph (5)
   (You took it off Natasha on level 3 of the Dungeon)
 w - a wand of iceblast (23)
   (You took it off a kobold on level 4 of the Dungeon)
 F - a wand of flame (13)
   (You found it on level 8 of the Dungeon)
 O - a wand of paralysis (10)
   (You found it on level 3 of the Lair of Beasts)
Scrolls
 d - 2 scrolls of fog
 g - 5 scrolls of noise {!r}
 m - 5 scrolls of vulnerability {!r}
 n - 8 scrolls of poison {!r}
 o - a scroll of torment {!r}
 q - 2 scrolls of magic mapping
 r - 7 scrolls of amnesia
 y - 6 scrolls of teleportation {@r4}
 z - 3 scrolls of immolation {!r}
 I - 4 scrolls of silence
 J - a scroll of butterflies
 K - a scroll of blinking
 M - 3 scrolls of enchant armour
 S - a scroll of fear
Potions
 b - 5 potions of brilliance
 c - 2 potions of might
 e - a potion of ambrosia
 i - 4 potions of cancellation
 j - 7 potions of heal wounds {@q2}
 p - 6 potions of curing {@q1}
 s - a potion of invisibility
 t - 3 potions of mutation {!q}
 v - 2 potions of resistance
 x - 3 potions of degeneration {!q}
 H - 4 potions of magic
 L - 3 potions of haste {@q3}
Miscellaneous
 Q - a box of beasts
   (You found it on level 1 of the Lair of Beasts)


   Skills:
 * Level 11.9 Fighting
 - Level 12.0(13.4) Maces & Flails
 - Level 4.0 Armour
 + Level 12.1 Dodging
 - Level 2.0 Stealth
 + Level 4.7 Shields
 - Level 7.9 Spellcasting
 - Level 6.0(7.5) Conjurations
 - Level 15.3(18.2) Air Magic


You had 21 spell levels left.
You knew the following spells:

 Your Spells              Type           Power      Damage    Failure   Level
a - Shock                 Conj/Air       100%       1d9       1%          1
b - Static Discharge      Conj/Air       100%       2-7/arc   1%          2
c - Airstrike             Air            34%        2d(5-21)  1%          4

Your spell library contained the following spells:

 Spells                   Type           Power      Damage    Failure   Level
 Poisonous Vapours        Pois/Air       88%        N/A       1%          2
 Searing Ray              Conj           74%        2d7       1%          2
 Swiftness                Air            69%        N/A       1%          3
 Stone Arrow              Conj/Erth      46%        3d9       7%          3
 Scorch                   Fire           18%        2d5       16%         2
 Flame Wave               Conj/Fire      23%        2d8       24%         4
 Frozen Ramparts          Ice            18%        1d3       30%         3
 Inner Flame              Hex/Fire       9%         N/A       32%         3
 Portal Projectile        Hex/Tloc       16%        N/A       34%         3
 Tukima's Dance           Hex            8%         N/A       34%         3
 Animate Armour           Summ/Erth      18%        N/A       71%         4
 Summon Ice Beast         Ice/Summ       9%         N/A       71%         4
 Ice Form                 Ice/Tmut       8%         N/A       75%         4
 Yara's Violent Unravell  Hex/Tmut       4%         3d4       97%         5
 Blade Hands              Tmut           3%         N/A       98%         5
 Summon Cactus Giant      Summ           4%         N/A       100%        6
 Enfeeble                 Hex            4%         N/A       100%        7
 Lehudib's Crystal Spear  Conj/Erth      11%        10d4      100%        8


Dungeon Overview and Level Annotations

Branches:
Dungeon (10/15) Zot: 25728  Temple (0/1) D:7            Lair (5/5) D:9 Zot: 20960
 Shoals (0/4) Lair:3       Spider (0/4) Lair:2        Slime (0/5) Lair:4
    Orc (1/2) D:10 Zot: 5952   Sewer (visited)         Ossuary (visited)
 Bailey (visited)

Altars:
Ashenzari
Fedhas
Gozag
Hepliaklqana
Makhleb
Okawaru
Ru
Sif Muna
Uskayaw
Wu Jian
Xom
Yredelemnul
The Shining One

Shops:
D:3 (

Annotations:
Lair:2 1 runed translucent door, Myullu's ghost, journeyman DgCj


Innate Abilities, Weirdness & Mutations

You have a beak for a mouth.
You have claws for feet.
Your magical nature lets you fly swiftly and evasively.


Message History

The orc warlord is lightly wounded.
The orc warlord hits you with a +0 great sword!
You whack the orc warlord!
You claw the orc warlord, but do no damage.
The orc warlord is moderately wounded.
You closely miss the orc warlord. Your kick misses the orc warlord.
The orc warlord is moderately wounded.
The orc warlord hits you with a +0 great sword!!
You hit the orc warlord but do no damage.
You claw the orc warlord.
The orc warlord is moderately wounded.
Unknown command.
You hit the orc warlord. Your peck misses the orc warlord.
The orc warlord is moderately wounded.
The orc warlord hits you with a +0 great sword!
* * * LOW HITPOINT WARNING * * *
Casting: Airstrike (safe; 1% risk of failure)
Confirm with . or Enter, or press ? or * to list all spells.
Aiming: Airstrike (safe; 1% risk of failure)
Press: ? - help, Dir - move target, f/p - orc warlord
Aim: an orc warlord, wielding a +0 great sword and wearing a +0 chain mail (moderately wounded, empty space bonus: 7/8)
The air twists around and strikes the orc warlord!
The orc warlord is heavily wounded.
The orc warlord misses you.
Casting: Airstrike (safe; 1% risk of failure)
Confirm with . or Enter, or press ? or * to list all spells.
Aiming: Airstrike (safe; 1% risk of failure)
Press: ? - help, Dir - move target, f/p - orc warlord
Aim: an orc warlord, wielding a +0 great sword and wearing a +0 chain mail (heavily wounded, empty space bonus: 7/8)
The air twists around and strikes the orc warlord.
The orc warlord is heavily wounded.
You block the orc warlord's attack.
Casting: Airstrike (safe; 1% risk of failure)
Confirm with . or Enter, or press ? or * to list all spells.
Aiming: Airstrike (safe; 1% risk of failure)
Press: ? - help, Dir - move target, f/p - orc warlord
Aim: an orc warlord, wielding a +0 great sword and wearing a +0 chain mail (heavily wounded, empty space bonus: 7/8)
The air twists around and strikes the orc warlord!
The orc warlord is heavily wounded.
The orc warlord hits you with a +0 great sword!
* * * LOW HITPOINT WARNING * * *
Casting: Airstrike (safe; 1% risk of failure)
Confirm with . or Enter, or press ? or * to list all spells.
Aiming: Airstrike (safe; 1% risk of failure)
Press: ? - help, Dir - move target, f/p - orc warlord
Aim: an orc warlord, wielding a +0 great sword and wearing a +0 chain mail (heavily wounded, empty space bonus: 7/8)
The air twists around and strikes the orc warlord!!
The orc warlord is severely wounded.
The orc warlord hits you with a +0 great sword!!
You die...

.~#####≈..######..##........###..
.~#...#~......##.##########+# #..
.~#.∩.#≈..###.#...##........###..
.~#...#~..# ###.......####...##..
.~##.##~.## ##$...8.##..##.8.#(.
.~~~~~≈~.# #>......'....)...#..
.........# ##[...8.##..##.8.#..
#.)...#### #.o.....####...####
##.######### #.@.##........#####
...........#####)##########+##...
[............#.#..##........##...
[[..)......#.#.#......####...##..
..)........#.#.##....##..##......
...........#.'..#........).......
...........###..##...##(.##......
##.#####.### #...##...####...##..
#.# ###..## #....###.......##...


You could see an orc warlord.

Vanquished Creatures
  A fire dragon (Lair:5)
  2 hydras
  Harold (Lair:2)
  A two-headed ogre (D:9)
  Erica (D:9)
  8 death yaks
  Sonja (Lair:3)
  Nergalle (D:10)
  Amaemon (D:7)
  2 skysharks
  An orb spider (Lair:2)
  4 orc knights (Bailey)
  2 lindwurms (Lair:5)
  Pikel (D:7)
  An orange demon (D:8)
  8 elephants
  Joseph (D:9)
  2 molten gargoyles (Lair:5)
  6 black mambas
  11 cane toads
  Maggie (Lair:1)
  A kobold demonologist (D:7)
  9 komodo dragons
  Psyche (D:8)
  4 rime drakes (Lair:5)
  2 trolls (D:10)
  2 hornets
  A polar bear (Lair:5)
  Prince Ribbit (D:8)
  12 blink frogs
  6 dream sheep (Lair:2)
  A shadow (D:9)
  A wraith (D:9)
  4 spriggans (Lair:4)
  A basilisk (Lair:5)
  6 wyverns
  32 yaks
  Grum (Lair:1)
  5 steam dragons
  4 wargs
  4 water moccasins
  4 hell hounds (Lair:5)
  17 orc warriors
  2 black bears
  3 ice beasts
  2 sky beasts (D:7)
  23 wolves
  5 ogres
  3 centaurs
  2 phantoms
  2 kobold brigands
  8 bullfrogs
  2 elf zombies (Ossuary)
  4 scorpions
  5 wights (D:6)
  17 killer bees
  An electric eel (D:9)
  5 howler monkeys
  5 lava snakes (Lair:5)
  2 jellies
  13 orc priests
  4 hounds
  A human zombie (Ossuary)
  A gnoll bouda (D:7)
  15 orc wizards
  4 sleepcaps
  Natasha (thrice) (D:3)
  3 iguanas (D:5)
  2 mummies (Ossuary)
  8 gnolls (D:5)
  4 adders
  A river rat (Sewer)
  3 shadow imps
  2 ufetubi
  3 adder zombies (Ossuary)
  4 worms
  4 dart slugs
  67 orcs
  8 ball pythons
  4 endoplasms
  4 giant cockroaches
  10 goblins
  10 hobgoblins
  16 jackals
  16 kobolds
  9 quokkas (D:3)
  9 bats
  A frilled lizard (D:2)
  2 goblin zombies (Ossuary)
  10 hobgoblin zombies (Ossuary)
  10 kobold zombies (Ossuary)
  8 orc zombies (Ossuary)
  10 rats
  A rat zombie (Ossuary)
  A butterfly (D:7)
538 creatures vanquished.

Vanquished Creatures (others)
  A centaur (D:7)
  A scorpion (D:7)
  A gnoll sergeant (D:7)
3 creatures vanquished.

Grand Total: 541 creatures vanquished

Notes
Turn   | Place    | Note
-------+----------+-------------------------------------------
     0 | D:1      | GeoRichter the Tengu Air Elementalist began the quest for
                  | the Orb.
     0 | D:1      | Reached XP level 1. HP: 10/10 MP: 4/4
   228 | D:1      | Reached XP level 2. HP: 15/15 MP: 0/6
   980 | D:1      | Learned a level 2 spell: Static Discharge
   985 | D:2      | Reached XP level 3. HP: 19/19 MP: 3/7
  2045 | D:2      | Reached skill level 5 in Air Magic
  2301 | D:3      | Reached XP level 4. HP: 11/24 MP: 1/8
  2747 | D:3      | Found a glowing drain.
  2787 | Sewer    | Entered a sewer
  2898 | Sewer    | Noticed a kobold brigand
  2904 | Sewer    | Killed a kobold brigand
  2905 | Sewer    | Gained mutation: Your magical nature lets you fly swiftly
                  | and evasively. [Tengu growth]
  2905 | Sewer    | Reached XP level 5. HP: 20/28 MP: 2/10
  2926 | Sewer    | Reached skill level 6 in Air Magic
  3055 | Sewer    | Found a white marble altar of Elyvilon.
  3159 | D:3      | Noticed Natasha
  3174 | D:2      | Learned a level 4 spell: Airstrike
  3223 | D:3      | Found Kevyq's Antique Weapon Shoppe.
  3277 | D:3      | Killed Natasha
  3304 | D:3      | Noticed Natasha
  3307 | D:3      | Killed Natasha
  3308 | D:3      | Reached XP level 6. HP: 32/32 MP: 7/11
  3353 | D:3      | Reached skill level 5 in Conjurations
  3443 | D:3      | Noticed Natasha
  3447 | D:3      | Killed Natasha
  3590 | D:3      | Found a faded altar of an unknown god.
  3590 | D:3      | Found a faded altar of an unknown god.
  3597 | D:3      | Found a broken altar of Ashenzari.
  3599 | D:3      | Found a blossoming altar of Fedhas.
  3602 | D:3      | Found a shimmering blue altar of Sif Muna.
  3606 | D:3      | Became a worshipper of Ashenzari the Shackled
  3835 | D:4      | Noticed a black bear
  3847 | D:3      | Killed a black bear
  4141 | D:4      | Found a sand-covered staircase.
  4149 | Ossuary  | Entered an ossuary
  4352 | Ossuary  | Reached skill level 7 in Air Magic
  4494 | Ossuary  | Reached XP level 7. HP: 32/33 MP: 7/13
  4736 | Ossuary  | Reached skill level 8 in Air Magic
  5277 | D:4      | Found a burning altar of Makhleb.
  5376 | D:4      | Identified the +5 hand axe of Disintegration {freeze, Str+4
                  | Stlth+}
  5546 | D:4      | Reached XP level 8. HP: 41/41 MP: 11/15
  5549 | D:4      | Reached skill level 9 in Air Magic
  5850 | D:4      | Found an iron altar of Okawaru.
  5957 | D:5      | Entered Level 5 of the Dungeon
  6300 | D:5      | Reached skill level 10 in Air Magic
  6383 | D:5      | Reached skill level 5 in Spellcasting
  6749 | D:5      | Reached * piety under Ashenzari
  6991 | D:5      | Reached skill level 11 in Air Magic
  7318 | D:6      | Reached XP level 9. HP: 45/45 MP: 10/18
  7577 | D:6      | Reached skill level 12 in Air Magic
  8297 | D:6      | Reached skill level 1 in Fighting
  8460 | D:6      | Found a hide-covered altar of Uskayaw.
  8551 | D:6      | You are sucked into a shaft and drop 2 floors!
  8974 | D:7      | Reached skill level 13 in Air Magic
  9098 | D:7      | Found a shimmering altar of Xom.
  9160 | D:7      | Noticed a kobold demonologist
  9252 | D:7      | Killed a kobold demonologist
  9253 | D:7      | Reached XP level 10. HP: 54/54 MP: 13/21
  9623 | D:7      | Found a staircase to the Ecumenical Temple.
 10011 | D:8      | Noticed Amaemon
 10012 | D:8      | Noticed an orange demon
 10093 | D:7      | Killed Amaemon
 10094 | D:7      | Reached skill level 14 in Air Magic
 10285 | D:8      | Noticed Pikel
 10290 | D:7      | Killed Pikel
 10367 | D:8      | Noticed Prince Ribbit
 10372 | D:8      | Killed Prince Ribbit
 10564 | D:8      | Reached skill level 5 in Dodging
 10630 | D:8      | Killed an orange demon
 10883 | D:8      | Noticed Psyche
 10889 | D:8      | Killed Psyche
 10914 | D:8      | Reached skill level 15 in Air Magic
 11139 | D:8      | Reached XP level 11. HP: 52/62 MP: 14/23
 11675 | D:8      | Found a glowing golden altar of the Shining One.
 11808 | D:9      | Noticed a two-headed ogre
 11819 | D:9      | Killed a two-headed ogre
 11820 | D:9      | Reached skill level 5 in Fighting
 11820 | D:9      | Reached skill level 1 in Maces & Flails
 11820 | D:9      | Reached skill level 1 in Armour
 12423 | D:9      | Noticed Joseph
 12427 | D:9      | Killed Joseph
 12612 | D:9      | Noticed Erica
 12801 | D:9      | Paralysed by a hornet for 1 turns
 12974 | D:9      | Killed Erica
 13485 | D:9      | Found an ornate altar of the Wu Jian Council.
 13486 | D:9      | Found a basalt altar of Yredelemnul.
 13593 | D:9      | Found a staircase to the Lair.
 13978 | Lair:1   | Entered Level 1 of the Lair of Beasts
 14109 | Lair:1   | Identified the Discourse on Breath and the Discharge
 14125 | Lair:1   | Noticed a six-headed hydra
 14134 | Lair:1   | Killed a six-headed hydra
 14135 | Lair:1   | Reached skill level 5 in Maces & Flails
 14238 | Lair:1   | Noticed a skyshark
 14262 | Lair:1   | Identified the +1 ring mail of Hihos {+Inv rC+ Stlth-}
 14279 | Lair:1   | Killed a skyshark
 14659 | Lair:1   | Noticed Grum
 14676 | Lair:1   | Killed Grum
 14848 | D:10     | Entered Level 10 of the Dungeon
 14892 | D:10     | Reached XP level 12. HP: 52/71 MP: 2/24
 14910 | D:10     | Found a flagged portal.
 14919 | Bailey   | Entered a bailey
 15939 | D:10     | Found an opulent altar of Gozag.
 16057 | D:10     | Found a sacrificial altar of Ru.
 16283 | D:10     | Found a staircase to the Orcish Mines.
 16658 | D:10     | Noticed Nergalle
 16664 | D:10     | Killed Nergalle
 16836 | D:10     | Found a hazy altar of Hepliaklqana.
 17104 | Lair:1   | Noticed Maggie
 17108 | Lair:1   | Killed Maggie
 18213 | Lair:2   | Noticed Harold
 18237 | Lair:2   | Killed Harold
 18485 | Lair:2   | Reached skill level 10 in Maces & Flails
 18492 | Lair:2   | Identified a scroll of acquirement
 18493 | Lair:2   | Acquired 912 gold pieces
 18547 | Lair:2   | Found a runed translucent door.
 18549 | Lair:2   | Noticed Myullu's ghost (journeyman DgCj)
 18590 | Lair:2   | Reached XP level 13. HP: 70/79 MP: 5/25
 18815 | Lair:2   | Identified the +1 scale mail "Ywibef" {Drain rN+ Will++
                  | Regen+}
 19262 | Lair:2   | Found a hole to the Spider Nest.
 19932 | Lair:3   | Reached skill level 10 in Dodging
 20655 | Lair:3   | Found a staircase to the Shoals.
 21412 | Lair:3   | Noticed Sonja
 21415 | Lair:3   | Killed Sonja
 22479 | Lair:4   | Reached ** piety under Ashenzari
 22701 | Lair:4   | Found a staircase to the Slime Pits.
 23059 | Lair:5   | Entered Level 5 of the Lair of Beasts
 23069 | Lair:5   | Reached skill level 1 in Shields
 23076 | Lair:5   | Reached skill level 10 in Fighting
 23604 | Lair:5   | Reached XP level 14. HP: 88/88 MP: 2/26
 23758 | Lair:5   | Identified the +0 leather armour of Action {Will+++ Str-4
                  | Int-2 Dex+2}
 24598 | Lair:5   | Found a large runed translucent door.
 24598 | Lair:5   | Found a large runed translucent door.
 25426 | Lair:5   | Reached *** piety under Ashenzari
 25851 | Orc:1    | Entered Level 1 of the Orcish Mines
 25882 | Orc:1    | Noticed an orc warlord
 26056 | D:10     | Mangled by an orc warlord

Illustrated notes

Levels and vault maps discovered:
D:1:      dpeg_arrival_tiny_k, layout_loops_ring, hex_medium
D:2:      layout_basic
D:3:      minmay_angry_zag, layout_rooms, chequers_temple_overflow_minitemple,
          gup_sewer_entry_bubbles, serial_shops, nicolae_shop_statue_plus,
          grunt_ministairs_9, uniq_natasha
D:4:      layout_basic, mainiacjoe_overflow_catwalk, nicolae_ossuary_entry_plus,
          minmay_ruined_shrine
D:5:      layout_basic
D:6:      layout_basic, marbit_many_paths
D:7:      layout_rooms, xom_confusion_cloud, minmay_temple_entry_butterflies
D:8:      layout_basic, nicolae_tso_swordbearing_angel,
          amcnicky_mini_pool_small, uniq_pikel, uniq_prince_ribbit1,
          uniq_psyche, uniq_amaemon
D:9:      layout_irregular_city, mainiacjoe_overflow_divided_tiny,
          erik_lair_orcish_takeover, kennysheep_big_empty_room, uniq_joseph,
          uniq_erica
D:10:     layout_roguey, nicolae_ru_the_path_less_chosen,
          mainiacjoe_overflow_small_starburst,
          mainiacjoe_overflow_surrounded_room, david_orc_1_choice,
          enter_bailey_3, uniq_nergalle
Lair:1:   layout_small_grid, minmay_hedge_maze, grunt_megastairs_1,
          lemuel_fruit_tree, uniq_maggie, uniq_grum
Lair:2:   layout_regular_city, nicolae_spider_entry_orb_guardian,
          ebering_ghost_reflecting_pool, infiniplex_staircase_pool_2,
          grunt_megastairs_3, uniq_harold
Lair:3:   layout_layer_cave, minmay_shoals_entry_centaurs, minivault_19,
          minivault_27, grunt_forest_small_clearing_treed, uniq_sonja
Lair:4:   layout_loops_ring, slime_entry_1, wad_woods_01
Lair:5:   cheibrodos_lair_end_hotspot, layout_regular_city,
          chequers_serial_rivers_micro_a
Orc:1:    layout_caves, minmay_orc_treasury, uniq_gastronok

Skill      XL: |  1  2  3  4  5  6  7  8  9 10 11 12 13 14 |
---------------+-------------------------------------------+-----
Conjurations   | 2 3 4 5 6 |  6.0
Air Magic      | 5 6 7 8 11 13 15 | 15.3
Spellcasting   | 3 4 5 6 7 |  7.9
Fighting       | 2 4 6 8 10 11 | 11.9
Dodging        | 3 5 7 9 11 12 | 12.1
Maces & Flails | 6 10 12 | 12.0
Armour         | 4 |  4.0
Shields        | 2 4 |  4.7
Stealth        | |  2.0

Action                     |  1- 3 |  4- 6 |  7- 9 | 10-12 | 13-15 || total
---------------------------+-------+-------+-------+-------+-------++-------
  Melee: Unarmed           |     4 |       |       |       |       ||     4
         Kick              |     2 |     2 |     8 |    57 |   100 ||   169
         Dagger            |       |    10 |    22 |       |       ||    32
         Peck              |       |     3 |     4 |    35 |    76 ||   118
         Punch             |       |     1 |     1 |       |       ||     2
         Hand axe          |       |       |     2 |    53 |       ||    55
         Demon whip        |       |       |       |    82 |   275 ||   357
   Cast: Shock             |    77 |   150 |   223 |   144 |    47 ||   641
         Static Discharge  |     2 |     9 |    25 |    60 |    19 ||   115
         Airstrike         |       |       |    39 |   185 |   168 ||   392
 Invoke: Curse Item        |       |       |     2 |     1 |     2 ||     5
         Shatter the Chain |       |       |       |     1 |       ||     1
    Use: Potion            |       |     2 |       |     5 |     1 ||     8
         Scroll            |       |     1 |     3 |    15 |     1 ||    20
   Stab: Sleeping          |       |     1 |       |       |       ||     1
 Armour: Robe              |     3 |    15 |    12 |     1 |       ||    31
         Steam dragon scal |       |       |       |    71 |    61 ||   132
  Dodge: Dodged            |    11 |    22 |    39 |   220 |   199 ||   491
  Block: Buckler           |       |       |       |       |    40 ||    40
